 Dungeon Crawl Stone Soup version 0.32-a0-599-gba8f9cf90e (webtiles) character file.

Game seed: 18356782289207432819

1864584 TheMeInTeam the Acrobat (level 27, 332/332 HPs)
             Began as a Coglin Wanderer on Mar 2, 2024.
             Was the Champion of Wu Jian.
             Escaped with the Orb
             ... and 3 runes on Mar 3, 2024!
             The game lasted 02:49:59 (55934 turns).

TheMeInTeam the Acrobat (Coglin Wanderer)          Turns: 55934, Time: 02:49:59

Health: 332/332    AC: 36    Str:  8    XL:     27
Magic:  23/23      EV: 41    Int: 15    God:    Wu Jian [******]
Gold:   4997       SH:  4    Dex: 31    Spells: 26/26 levels left

rFire   + + .        x - +11 Singing Sword {sonic wave}
rCold   + + .        a - +9 demon blade (vamp) {Hayata}
rNeg    + . .        y - melded +1 ring mail "Zuar" {rElec rC+ Dex+3}
rPois   ∞            U - +2 helmet {SInv}
rElec   +            O - scarf {rC+ rF+}
rCorr   +            H - melded +1 pair of gloves "Gingemay" {rPois Int+2}
SInv    +            Q - melded +2 pair of boots of Pantheism {^Contam rCorr SInv}
Will    +++..        (amulet unavailable)
Stlth   +            (ring unavailable)
HPRegen 1.55/turn    (ring unavailable)
MPRegen 0.58/turn    s - reticulated capacitor {rF+ rC+ Regen+ RegenMP+}

%: no passive effects
@: statue-form, very slow
A: slow and powerful, torment resistance 1, boosted hp, off-hand wielding, slow
wielding, warmup strikes, no jewellery, large bone plates 1, clever 1, robust 1
0: Orb of Zot
}: 3/15 runes: barnacled, slimy, gossamer
a: Begin Untransformation, Renounce Religion, Wall Jump, Serpent's Lash,
Heavenly Storm


You escaped.
You worshipped Wu Jian.
Wu Jian was exalted by your worship.
You were a living statue of rough stone.
You visited 10 branches of the dungeon, and saw 51 of its levels.
You also visited: Gauntlet, Wizlab and Desolation.

You collected 6540 gold pieces.
You spent 1543 gold pieces at shops.

Inventory:

Hand Weapons
 a - a +9 vampiric demon blade (offhand) {Hayata}
 x - the +11 Singing Sword (weapon) {sonic wave}
   (You found it in the Desolation of Salt)
Missiles
 J - 2 throwing nets
Armour
 e - the +2 helmet of Refuge {rPois rCorr}
   (You found it in the Desolation of Salt)

   rPois:     It protects you from poison.
   rCorr:     It protects you from acid and corrosion.
 t - the +1 pair of gloves "Daoroesh" {rF+ Int+5 Dex+2}
   (You acquired it on level 13 of the Dungeon)

   Int+5:     It affects your intelligence (+5).
   Dex+2:     It affects your dexterity (+2).
   rF+:       It protects you from fire.
 y - the +1 ring mail "Zuar" (melded) {rElec rC+ Dex+3}
   (You took it off a merfolk impaler on level 2 of the Shoals)

   Dex+3:     It affects your dexterity (+3).
   rC+:       It protects you from cold.
   rElec:     It insulates you from electricity.
 H - the +1 pair of gloves "Gingemay" (melded) {rPois Int+2}
   (You found it on level 9 of the Dungeon)

   Int+2:     It affects your intelligence (+2).
   rPois:     It protects you from poison.
 O - a scarf of resistance (worn)
 Q - the +2 pair of boots of Pantheism (melded) {^Contam rCorr SInv}
   (You found it on level 4 of the Spider Nest)

   SInv:      It lets you see invisible.
   ^Contam:   It causes magical contamination when unequipped.
   rCorr:     It protects you from acid and corrosion.
 U - a +2 helmet of see invisible (worn)
Gizmo
 s - a reticulated capacitor (installed) {rF+ rC+ Regen+ RegenMP+}
   (You invented it yourself on level 4 of the Lair of Beasts)

   [reticulated capacitor]

   rF+:       It protects you from fire.
   rC+:       It protects you from cold.
   Regen+:    It increases your rate of health regeneration.
   RegenMP+:  It increases your rate of magic regeneration.
Talismans
 z - the granite talisman of the Engineer (active) {Will+ rCorr Str-3 Dex+3}
   (You found it on level 3 of the Shoals)

   [granite talisman]

   Str-3:     It affects your strength (-3).
   Dex+3:     It affects your dexterity (+3).
   Will+:     It increases your willpower.
   rCorr:     It protects you from acid and corrosion.
Wands
 b - a wand of paralysis (25)
 c - a wand of polymorph (41)
 u - a wand of acid (16)
 K - a wand of digging (7)
 S - a wand of iceblast (9)
 Z - a wand of mindburst (22)
Scrolls
 h - 8 scrolls of fog
 o - 2 scrolls of blinking
 p - 6 scrolls of enchant armour
 r - 5 scrolls of butterflies
 w - 3 scrolls of poison
 D - a scroll of revelation
 E - 7 scrolls of immolation
 F - a scroll of vulnerability
 G - 3 scrolls of torment
 I - 5 scrolls of teleportation
 N - 18 scrolls of identify
 V - 6 scrolls of fear
Potions
 d - 5 potions of magic
 f - 2 potions of heal wounds
 g - a potion of invisibility
 j - 10 potions of ambrosia
 k - 4 potions of might
 l - 4 potions of lignification
 m - 10 potions of enlightenment
 n - 14 potions of curing
 q - 8 potions of mutation
 B - a potion of berserk rage
 C - a potion of haste
 Y - a potion of resistance
Miscellaneous
 i - a lightning rod (4/4)
 v - a sack of spiders
 M - a tin of tremorstones (2/2)
 P - a phantom mirror
 R - a phial of floods


   Skills:
 + Level 22.7 Fighting
 - Level 16.0 Long Blades
 - Level 12.0 Maces & Flails
 - Level 11.0 Armour
 + Level 24.0 Dodging
 - Level 2.0 Stealth
 - Level 1.0 Invocations
 - Level 20.0 Evocations
 + Level 20.8 Shapeshifting


You had 26 spell levels left.
You didn't know any spells.
Your spell library contained the following spells:

 Spells                   Type           Power      Damage    Failure   Level
 Foxfire                  Conj/Fire      0%         2x1d4     26%         1
 Freeze                   Ice            0%         1d3       26%         1
 Kiss of Death            Conj/Necr      0%         2d5       26%         1
 Magic Dart               Conj           0%         1d3       26%         1
 Necrotise                Necr           0%         1d4       26%         1
 Slow                     Hex            0%         N/A       26%         1
 Sting                    Conj/Alch      0%         1d3       26%         1
 Summon Small Mammal      Summ           0%         N/A       26%         1
 Blink                    Tloc           0%         N/A       38%         2
 Call Imp                 Summ           0%         N/A       38%         2
 Cigotuvi's Dreadful Rot  Necr/Alch/Air  0%         N/A       38%         2
 Ensorcelled Hibernation  Hex/Ice        0%         N/A       38%         2
 Lesser Beckoning         Tloc           0%         N/A       38%         2
 Mercury Vapours          Alch/Air       0%         N/A       38%         2
 Momentum Strike          Conj/Tloc      0%         3d8       38%         2
 Scorch                   Fire           0%         2d5       38%         2
 Searing Ray              Conj           0%         2d4       38%         2
 Static Discharge         Conj/Air       0%         3-3/arc   38%         2
 Call Canine Familiar     Summ           0%         N/A       63%         3
 Confusing Touch          Hex            0%         N/A       63%         3
 Dazzling Flash           Conj/Hex       0%         N/A       63%         3
 Frozen Ramparts          Ice            0%         1d1       63%         3
 Fugue of the Fallen      Necr           0%         N/A       63%         3
 Gell's Gravitas          Tloc           0%         N/A       63%         3
 Hailstorm                Conj/Ice       0%         3d5       63%         3
 Inner Flame              Hex/Fire       0%         N/A       63%         3
 Mephitic Cloud           Conj/Alch/Air  0%         N/A       63%         3
 Ozocubu's Armour         Ice            0%         N/A       63%         3
 Sigil of Binding         Hex            0%         N/A       63%         3
 Teleport Other           Tloc           0%         N/A       63%         3
 Vampiric Draining        Necr           0%         2d6       63%         3
 Airstrike                Air            0%         2d(0-16)  95%         4
 Anguish                  Hex/Necr       0%         N/A       95%         4
 Animate Armour           Summ/Erth      0%         N/A       95%         4
 Animate Dead             Necr           0%         N/A       95%         4
 Brom's Barrelling Bould  Conj/Erth      0%         2d3       95%         4
 Cause Fear               Hex            0%         N/A       95%         4
 Dimensional Bullseye     Hex/Tloc       0%         N/A       95%         4
 Dispel Undead            Necr           0%         3d6       95%         4
 Flame Wave               Conj/Fire      0%         2d4       95%         4
 Fulminant Prism          Conj/Alch      0%         3d5       95%         4
 Ignite Poison            Fire/Alch      0%         N/A       95%         4
 Iskenderun's Mystic Bla  Conj/Tloc      0%         2d3       95%         4
 Leda's Liquefaction      Alch/Erth      0%         N/A       95%         4
 Manifold Assault         Tloc           0%         N/A       95%         4
 Martyr's Knell           Necr/Summ      0%         N/A       95%         4
 Olgreb's Toxic Radiance  Alch           0%         N/A       95%         4
 Passage of Golubria      Tloc           0%         N/A       95%         4
 Summon Blazeheart Golem  Fire/Summ      0%         N/A       95%         4
 Summon Lightning Spire   Summ/Air       0%         N/A       95%         4
 Vhi's Electric Charge    Tloc/Air       0%         N/A       95%         4
 Arcjolt                  Conj/Air       0%         1d10      100%        5
 Curse of Agony           Necr           0%         N/A       100%        5
 Fireball                 Conj/Fire      0%         3d3       100%        5
 Freezing Cloud           Conj/Ice/Air   0%         6-21      100%        5
 Irradiate                Conj/Alch      0%         3d11      100%        5
 Iskenderun's Battlesphe  Conj           0%         2d6       100%        5
 Lee's Rapid Deconstruct  Erth           0%         3d4*      100%        5
 Silence                  Hex/Air        0%         N/A       100%        5
 Summon Forest            Summ/Tloc      0%         N/A       100%        5
 Summon Mana Viper        Hex/Summ       0%         N/A       100%        5
 Bombard                  Conj/Erth      0%         9d1       100%        6
 Conjure Ball Lightning   Conj/Air       0%         3x3d6     100%        6
 Dispersal                Tloc           0%         N/A       100%        6
 Eringya's Noxious Bog    Alch           0%         4d6       100%        6
 Plasma Beam              Fire/Air       0%         2x1d10    100%        6
 Starburst                Conj/Fire      0%         6d3       100%        6
 Summon Cactus Giant      Summ           0%         N/A       100%        6
 Enfeeble                 Hex            0%         N/A       100%        7
 Haunt                    Necr/Summ      0%         N/A       100%        7
 Malign Gateway           Summ/Tloc      0%         N/A       100%        7
 Orb of Destruction       Conj           0%         9d5       100%        7
 Spellforged Servitor     Conj/Summ      0%         N/A       100%        7
 Summon Hydra             Summ           0%         N/A       100%        7
 Borgnjor's Revivificati  Necr           0%         N/A       100%        8
 Discord                  Hex            0%         N/A       100%        8
 Disjunction              Tloc           0%         N/A       100%        8
 Ignition                 Fire           0%         3d3       100%        8
 Lehudib's Crystal Spear  Conj/Erth      0%         10d2      100%        8
 Summon Horrible Things   Summ           0%         N/A       100%        8
 Chain Lightning          Conj/Air       0%         N/A       100%        9
 Death's Door             Necr           0%         N/A       100%        9
 Fire Storm               Conj/Fire      0%         5d1       100%        9
 Shatter                  Erth           0%         3d5*      100%        9
 Sublimation of Blood     Necr           Unusable   N/A       N/A         2

Dungeon Overview and Level Annotations

Branches:
Dungeon (15/15)            Temple (0/1) D:7            Lair (5/5) D:10
 Shoals (4/4) Lair:3       Spider (4/4) Lair:2        Slime (5/5) Lair:5
    Orc (2/2) D:11            Elf (3/3) Orc:2        Vaults (4/5) D:13
  Crypt (0/3) Vaults:2     Depths (4/4) D:15            Zot (5/5) Depths:4
 WizLab (visited)         Desolation (visited)      Gauntlet (visited)

Altars:
Cheibriados
Elyvilon
Gozag
Kikubaaqudgha
Makhleb
Nemelex Xobeh
Okawaru
Qazlal
Ru
Trog
Wu Jian
Xom
The Shining One

Shops:
D:4 *   D:9 *   D:11 =:[   Orc:2 ([[=   Elf:3 [   Shoals:1 =   Shoals:2 *
Zot:2 *   Depths:1 :=:   Depths:4 *

Portals:
Hell: Depths:1 Depths:2 Depths:3 Depths:4
Abyss: Depths:1 Depths:3 Depths:4
Pandemonium: Depths:1 Depths:2 Depths:4
Ziggurat: Depths:4
Trove: D:15 (give 7 scrolls of fear)

Annotations:
D:5 Grinder
D:9 exclusion: hornet
D:11 exclusion: manticore
Shoals:2 Polyphemus
Depths:2 2 transporters


Innate Abilities, Weirdness & Mutations

You are a living statue of rough stone.
Your actions are slow, but your melee attacks are powerful.
You are resistant to unholy torment.
Your maximum health is greatly increased.
Your equipment is partially melded.
You are immune to poison.
You can wield a second weapon in your off-hand.
It takes a long time for you to wield or remove held weapons.
Your first few attacks do less damage.
You cannot equip rings or amulets.
You are partially covered in large bone plates. (SH +4)
Your mind is acute. (Int +4, Str/Dex -1)
You are robust. (+10% HP)


Message History

This staircase leads to a travel-excluded area!
You climb upwards.
Level annotation: Natasha A blizzard demon comes into view.
There is a stone staircase leading down here.
You slash the blizzard demon with your +9 vampiric demon blade!
The blizzard demon is moderately wounded.
You slice the blizzard demon with the +11 Singing Sword!!
The Singing Sword sings an ear-splitting high note.
You send a blast of sound all around you.
The blizzard demon is almost dead.
The blizzard demon completely misses you.
The blizzard demon hits you but does no damage.
You barely miss the blizzard demon with the +11 Singing Sword.
The blizzard demon is almost dead.
You carve the blizzard demon like a ham with your +9 vampiric demon blade!!!
You kill the blizzard demon!
The Council accepts your kill.
A cacodemon and 2 orange demons come into view.
As you read the scroll of teleportation, it crumbles to dust.
You feel strangely unstable.
You feel the Orb delaying your translocation!
The orange demon screeches! x2
The orange demon attacks as it pursues you!
You block the orange demon's attack. The orange demon completely misses you.
You see here a +0 hand axe.
Natasha hisses angrily.
You hear a grinding noise.
The orange demon completely misses you.
You hear a grinding noise.
You open Natasha like a pillowcase with the +11 Singing Sword!!!
The Singing Sword makes a painfully high-pitched squeak.
You send a blast of sound all around you.
The cacodemon is lightly wounded.
The orange demon is moderately wounded.
You kill Natasha!
The Council accepts your kill.
Your surroundings suddenly seem different.
The cacodemon gestures at you.
The bolt of devastation hits you but does no damage.
Your willpower is stripped away!
The cacodemon gestures at you.
The bolt of devastation hits you but does no damage.
The orange demon completely misses you. x2
The cacodemon gestures at you. The bolt of devastation misses you.
You lunge at the cacodemon, in a flurry of attacks.
You barely miss the cacodemon with the +11 Singing Sword.
The cacodemon is lightly wounded.
You closely miss the cacodemon with your +9 vampiric demon blade.
You barely miss the cacodemon with the +11 Singing Sword.
The cacodemon is lightly wounded.
You hit the cacodemon but do no damage.
You spin and attack the orange demon.
You closely miss the orange demon with your +9 vampiric demon blade.
You slice the orange demon with the +11 Singing Sword!!
The Singing Sword yells, "No battle, no fun!"
You send a blast of sound all around you.
The cacodemon is lightly wounded.
The orange demon is severely wounded.
The orange demon is moderately wounded.
The orange demon completely misses you. The orange demon closely misses you.
The orange demon completely misses you. The cacodemon gestures at you.
The bolt of devastation misses you. The orange demon completely misses you.
You block the orange demon's attack. The orange demon completely misses you.
You spin and attack the cacodemon repeatedly.
You hit the cacodemon but do no damage.
The cacodemon is lightly wounded.
You slice the cacodemon with the +11 Singing Sword!!
You hit the cacodemon but do no damage.
The cacodemon is heavily wounded.
You hit the cacodemon but do no damage.
You spin and attack the orange demon.
You barely miss the orange demon with your +9 vampiric demon blade.
The orange demon is severely wounded.
You slash the orange demon with the +11 Singing Sword!
The Singing Sword sings a sudden staccato note.
You send a blast of sound all around you.
The cacodemon is heavily wounded.
You kill the orange demon!
The Council accepts your kill.
The orange demon is almost dead.
The cacodemon completely misses you. The cacodemon closely misses you.
The orange demon closely misses you. The cacodemon gestures at you.
You resist with some effort.
You spin and attack the cacodemon repeatedly.
You slice the cacodemon with your +9 vampiric demon blade!!
The cacodemon is almost dead.
You slice the cacodemon with the +11 Singing Sword!!
You kill the cacodemon!
The Council accepts your kill. The orange demon completely misses you.
You block the orange demon's attack. The orange demon completely misses you.
The orange demon closely misses you.
You slice the orange demon with your +9 vampiric demon blade!!
You kill the orange demon!
The Council accepts your kill.
You see here a +0 hand axe.
You feel your willpower return.
Things that are here:
a +0 whip; a gnoll skeleton
Items here: ( )) ÷.
You see here a +0 club.
A kobold comes into view. It is wielding a +0 short sword.
The kobold shouts!
The kobold closely misses you.
You closely miss the kobold with your +9 vampiric demon blade.
You barely miss the kobold with the +11 Singing Sword.
The kobold completely misses you.
You barely miss the kobold with your +9 vampiric demon blade.
You open the kobold like a pillowcase with the +11 Singing Sword!!!
You kill the kobold!
The Council accepts your kill.
You now have 4997 gold pieces (gained 6).
Things that are here:
a +0 short sword; a kobold corpse An Orb Guardian comes into view.
Items here: ) [ ÷÷.
Items here: ))) [[ ÷.
There is a stone staircase leading up, spattered with blood here.
You closely miss the Orb Guardian with the +11 Singing Sword.
You slice the Orb Guardian with your +9 vampiric demon blade!!
The Orb Guardian misses you.
You barely miss the Orb Guardian with the +11 Singing Sword.
The Orb Guardian is moderately wounded.
You open the Orb Guardian like a pillowcase with your +9 vampiric demon blade!!!
The Orb Guardian closely misses you.
You slash the Orb Guardian with the +11 Singing Sword!
The Singing Sword imitates the bagpipes.
You send a blast of sound all around you.
You kill the Orb Guardian!
The Council accepts your kill.
You climb upwards.
There is a stone staircase leading down here.
You open the door.
There is an open door here.
An ice devil comes into view.
The ice devil moves out of view.
The ice devil completely misses you.
There is an open door here.
You slice the ice devil with the +11 Singing Sword!!
The ice devil is severely wounded.
You cut the ice devil into ribbons with your +9 vampiric demon blade!!!
You kill the ice devil!
The Council accepts your kill.
No target in view!
A balrug and 2 sun demons come into view.
The balrug is wielding a +0 demon whip of venom.
The sun demon shouts! x2
You lunge at the sun demon, in a flurry of attacks.
You slash the sun demon with the +11 Singing Sword!
The sun demon is moderately wounded.
You chop the sun demon into pieces with your +9 vampiric demon blade!!!
You kill the sun demon!
The Council accepts your kill. The balrug completely misses you.
The sun demon completely misses you.
There is an escape hatch in the ceiling here.
The balrug barely misses you.
The sun demon hits you but does no damage.
The balrug hits you but does no damage. The sun demon completely misses you.
A mysterious force pulls you upwards. The hatch slams shut behind you.
You completely miss the balrug with your +9 vampiric demon blade.
You slice the balrug with the +11 Singing Sword!!
The sun demon misses you. The balrug barely misses you.
You slice the balrug with your +9 vampiric demon blade!!
The balrug is almost dead.
You cut the balrug into ribbons with the +11 Singing Sword!!!
You kill the balrug!
The Council accepts your kill. The sun demon closely misses you.
You slice the sun demon with your +9 vampiric demon blade!!
The sun demon is severely wounded.
You barely miss the sun demon with the +11 Singing Sword.
The sun demon completely misses you.
The sun demon hits you but does no damage.
You barely miss the sun demon with your +9 vampiric demon blade.
The sun demon is heavily wounded.
You cut the sun demon into ribbons with the +11 Singing Sword!!!
You kill the sun demon!
The Council accepts your kill.
No target in view!
Aiming: Dig
Press: ? - help, Shift-Dir - straight line A rock wall.
This square is covered in magical glow.
The rock shatters into small pieces.
You hear a grinding noise. x2
Aiming: Dig
Press: ? - help, Shift-Dir - straight line A rock wall.
This square is covered in magical glow.
The rock shatters into small pieces.
You hear a grinding noise.
You hear a grinding noise.
You hear a grinding noise.
You hear a grinding noise.
You hear a grinding noise.
A cacodemon comes into view.
A sixfirhy comes into view.
There is a staircase leading out of the dungeon here.
You have escaped!

##.#.#......)..#...#)######
##..#.3..................#
##.#.........##.........# ###
####....4.....##.........#####..
#......##.3..........##........#
#......##............##.......##
#............................##
#...............)...........##
#.)÷##).......2I........##..#
#...##........>.........##..#
#...........................#
##.........^.................#
........##............##.....#
........##............##.....#
...###.........##.........####
...# #.........##.........#
...###...............)....#


You could see a cacodemon, an orange demon and a sixfirhy (wandering).

Vanquished Creatures
  the Royal Jelly (Slime:5)
  3 ancient liches (Zot:5)
  2 dread liches (Zot:5)
  3 orbs of fire (Zot:5)
  A juggernaut (Depths:3)
  Boris (thrice) (Depths:2 Depths:3 Depths:4)
  Vv (Depths:2)
  Bai Suzhen (Vaults:4)
  5 Killer Klowns (Zot:5)
  The ghost of Cuhyol the Skinwalker, a veteran MfSh of Jiyva (Zot:2)
  Margery (Vaults:4)
  Saint Roka (Orc:2)
  2 curse toes
  10 golden dragons
  Nikola (Spider:3)
  5 caustic shrikes
  the Enchantress (Depths:2)
  Norris (Vaults:4)
  2 pandemonium lords
  2 doom hounds (Depths:3)
  3 electric golems
  An Ice Fiend (Zot:5)
  A moon troll (WizLab)
  3 titans
  Grunn (Depths:3)
  4 liches
  11 tentacled monstrosities
  31 Orb Guardians
  6 quicksilver dragons
  5 deep elf blademasters
  A searing wretch (Vaults:4)
  17 acid blobs
  2 sphinxes
  2 death cobs
  4 deep elf master archers (Elf:3)
  2 krakens
  9 tentacled starspawn (WizLab)
  4 shadow dragons
  5 tengu reavers
  12 storm dragons
  Aizul (Shoals:4)
  Donald (Spider:2)
  12 azure jellies
  6 protean progenitors
  9 rockslimes
  6 draconian knights
  2 draconian monks
  2 balrugs
  13 frost giants
  12 fire giants
  6 deep elf sorcerers
  6 draconian shifters
  2 iron dragons (Depths:3)
  8 emperor scorpions
  2 imperial myrmidons (Desolation)
  Louise (D:14)
  9 vault wardens
  3 draconian scorchers
  6 ghost moths
  A ghoul (Vaults:2)
  3 cacodemons
  4 draconian annihilators
  3 orc warlords
  6 deep elf elementalists
  A reaper (Depths:4)
  24 stone giants
  9 spriggan defenders
  3 broodmothers
  A formless jellyfish (Vaults:2)
  7 quicksilver oozes
  13 ironbound preservers
  7 ironbound thunderhulks
  25 very ugly things
  6 deep elf death magi
  5 green draconians
  3 halazid warlocks (Desolation)
  5 purple draconians
  2 deep elf demonologists (Elf:3)
  4 deep elf annihilators (Elf:3)
  A minotaur (Gauntlet)
  A lorocyproca (D:9)
  5 black draconians
  6 yellow draconians
  9 red draconians
  11 white draconians
  3 spark wasps
  6 war gargoyles
  8 dire elephants
  3 merfolk javelineers
  2 blizzard demons
  17 fire dragons
  6 crystal guardians
  10 ettins
  8 merfolk impalers
  2 jiangshi (Depths:3)
  The ghost of Kibis the Unforgettable, a journeyman DsGl of Hepliaklqana (D:14)
  4 deep elf high priests
  Josephine (D:11)
  6 entropy weavers
  4 yaktaur captains
  7 ice dragons
  4 ragged hierophants (Desolation)
  23 great orbs of eyes
  2 servants of whispers (Desolation)
  9 vault guards
  A hell beast (Zot:5)
  3 rakshasas
  9 spriggan air magi
  11 peacekeepers
  5 ironbound frosthearts
  A catoblepas (Shoals:2)
  4 hydras
  7 boulder beetles
  2 alligators (Zot:2)
  2 radroaches (Spider:3)
  5 merfolk avatars
  22 centaur warriors
  2 jorogumos (Spider:1)
  4 merfolk aquamancers (Shoals:4)
  23 dancing weapons
  9 tengu warriors
  3 satyrs (Shoals:4)
  12 two-headed ogres
  2 hell hogs (Depths:2)
  15 death yaks
  4 deep troll earth magi
  8 deep troll shamans
  6 demonic crawlers
  4 spriggan berserkers
  2 occultists (Depths:1)
  3 orc high priests (Orc:2)
  4 vampire magi
  6 hell knights
  10 sun demons
  12 deep elf knights
  3 sixfirhies
  A titan skeleton (Depths:3)
  5 skysharks
  A wretched star (Gauntlet)
  A soul eater (Depths:2)
  11 iron trolls
  A skeletal warrior (Vaults:2)
  2 glowing orange brains (shapeshifter)
  13 sea snakes
  65 deep trolls
  A flayed ghost (Depths:1)
  6 pharaoh ants
  An orange crystal statue (WizLab)
  7 glowing orange brains
  12 lindwurms
  10 orb spiders
  18 deep elf archers
  A shadow demon (Depths:4)
  22 harpies
  A tengu zombie (Depths:3)
  2 phantasmal warriors
  A steelbarb worm (shapeshifter) (Depths:3)
  20 ironbound convokers
  17 orc knights
  11 arcanists
  30 deep elf zephyrmancers
  A thermic dynamo (Elf:3)
  23 deep elf pyromancers
  6 steelbarb worms
  12 necromancers
  14 orc sorcerers
  22 moths of wrath
  25 wolf spiders
  19 manticores
  9 shining eyes
  A tengu skeleton (Depths:3)
  4 cyclopes
  41 ugly things
  A salamander (Depths:2)
  5 fauns (Shoals:1)
  3 meliai (D:14)
  6 elephants
  A stone giant skeleton (Vaults:2)
  A black mamba (shapeshifter) (D:14)
  4 merfolk sirens
  A rust devil (Depths:4)
  4 black mambas
  5 eyes of devastation
  2 water nymphs
  2 gargoyles
  18 vault sentinels
  An elf zombie (Vaults:1)
  A guardian serpent (Desolation)
  5 kobold blastminers
  A cane toad (shapeshifter) (D:13)
  4 orange demons
  12 starcursed masses (WizLab)
  8 cane toads
  A molten gargoyle (Desolation)
  10 torpor snails
  A hellion (Depths:1)
  3 rime drakes
  2 freezing wraiths
  25 yaktaurs
  6 komodo dragons
  2 efreet (Zot:2)
  Psyche (D:12)
  4 tengu conjurers
  11 trolls
  3 ice devils
  6 polar bears
  19 hornets
  A hellwing (D:14)
  A red devil (D:14)
  23 tarantellas
  22 merfolk
  2 wolf spider simulacra (D:14)
  30 saltlings (Desolation)
  4 wind drakes
  20 blink frogs
  11 snapping turtles
  3 tyrant leeches (Lair:5)
  10 dream sheep
  9 glass eyes
  81 slime creatures
  2 centaur simulacra (D:14)
  16 jumping spiders
  2 air elementals (Elf:3)
  21 culicivoras
  2 vampires
  3 wraiths (D:11)
  12 spriggans
  A spriggan (shapeshifter) (Elf:3)
  6 water elementals
  4 wyverns
  3 fire elementals
  77 yaks
  A ynoxinul (D:9)
  2 wargs
  6 basilisks
  17 humans (D:13)
  8 golden eyes
  49 redbacks
  3 steam dragons
  5 chaos spawn
  4 neqoxecs
  8 vampire mosquitoes
  2 small abominations
  A yaktaur simulacrum (Vaults:1)
  17 water moccasins
  5 hell hounds (Depths:1)
  20 orc warriors
  A meliai simulacrum (D:14)
  2 black bears (D:10)
  A sky beast (D:7)
  A human zombie (Vaults:1)
  An ettin simulacrum (Vaults:1)
  9 wolves
  7 ogres
  11 centaurs
  2 phantoms
  2 kobold brigands
  3 earth elementals
  11 bullfrogs
  2 scorpions (D:5)
  3 gnoll sergeants
  13 wights
  2 human simulacra
  7 electric eels
  A howler monkey (D:4)
  2 bombardier beetles
  2 gnoll boudas
  6 jellies
  4 hounds
  15 orc priests
  A sleepcap (D:6)
  4 iguanas (D:5)
  Natasha (D:3)
  2 hell rats (D:10)
  25 orc wizards
  6 adders
  21 gnolls
  2 river rats (D:10)
  A white imp (D:7)
  6 ufetubi
  2 ribbon worms
  3 dart slugs
  69 orcs
  10 endoplasms
  4 giant cockroaches
  11 goblins
  9 hobgoblins
  2 jackals (D:3)
  5 quokkas
  7 ball pythons
  6 bats
  8 frilled lizards
  17 kobolds
  3 rats
  4 aspiring fleshes
  A spectral weapon (Elf:2)
  6 starspawn tentacles (WizLab)
  13 tentacles
2260 creatures vanquished.

Vanquished Creatures (collateral kills)
  2 war gargoyles (Vaults:2)
  A deep elf archer (Elf:2)
  2 deep elf pyromancers (Elf:2)
  2 yaktaurs (Vaults:4)
  A fire elemental (Elf:2)
8 creatures vanquished.

Vanquished Creatures (others)
  Asterion (Elf:2)
  A vault warden (Vaults:3)
  A peacekeeper (Vaults:4)
  A deep elf knight (Elf:2)
  A deep elf pyromancer (Elf:1)
  A deep elf zephyrmancer (Elf:1)
  A yaktaur (Vaults:3)
  A human (D:3)
  An orc wizard (Orc:2)
  A spectral weapon (Elf:2)
  14 starspawn tentacles (WizLab)
  29 tentacles
53 creatures vanquished.

Grand Total: 2321 creatures vanquished

Notes
Turn   | Place    | Note
-------+----------+-------------------------------------------
     0 | D:1      | TheMeInTeam the Coglin Wanderer began the quest for the
                  | Orb.
     0 | D:1      | TheMeInTeam set off with the following items: a +2 mace
                  | {Jihoo}, a +0 falchion {Gyeongja}, a wand of polymorph (7),
                  | a scroll of silence, a +0 leather armour, a +0 dagger
                  | {Lisbeth}.
     0 | D:1      | Reached XP level 1. HP: 16/16 MP: 1/1
   228 | D:1      | Reached XP level 2. HP: 16/22 MP: 2/2
   769 | D:2      | Reached XP level 3. HP: 26/28 MP: 3/3
  1057 | D:2      | Reached skill level 1 in Stealth
  1376 | D:2      | Noticed Robin
  1386 | D:2      | Robin changed into Robin the quokka
  1386 | D:2      | Noticed Robin
  1389 | D:2      | Killed Robin the quokka
  1411 | D:2      | Reached XP level 4. HP: 23/34 MP: 4/4
  1772 | D:3      | Found an ancient bone altar of Kikubaaqudgha.
  1951 | D:3      | Noticed Natasha
  1959 | D:3      | Found an ornate altar of the Wu Jian Council.
  1968 | D:3      | Became a worshipper of the Wu Jian Council
  2107 | D:3      | Noticed a human
  2115 | D:3      | Killed a human
  2425 | D:3      | Reached XP level 5. HP: 40/41 MP: 5/5
  2645 | D:3      | Found a faded altar of an unknown god.
  2903 | D:4      | Reached XP level 6. HP: 43/48 MP: 6/6
  3016 | D:4      | Reached * piety under Wu Jian
  3281 | D:4      | Found Woafimyb's General Store.
  3679 | D:5      | Entered Level 5 of the Dungeon
  3885 | D:5      | Reached skill level 5 in Fighting
  3885 | D:5      | Reached XP level 7. HP: 25/56 MP: 7/7
  4090 | D:5      | Noticed Grinder
  4488 | D:5      | Identified the +6 flail of Mifac {vamp, rCorr Str+3 Int+3}
  4709 | D:5      | Identified the +5 leather armour of Stoicism {Int+8 Dex+3
                  | Stlth+}
  4720 | D:5      | Reached skill level 5 in Maces & Flails
  4832 | D:5      | Reached XP level 8. HP: 64/64 MP: 8/8
  5044 | D:6      | Found Itrokoes's Assorted Antiques.
  5056 | D:6      | Reached skill level 5 in Long Blades
  5117 | D:6      | Found an iron altar of Okawaru.
  5259 | D:6      | Reached ** piety under Wu Jian
  6127 | D:7      | Reached XP level 9. HP: 70/74 MP: 9/9
  6349 | D:7      | Found a staircase to the Ecumenical Temple.
  6368 | D:7      | Found a snail-covered altar of Cheibriados.
  7002 | D:8      | You fall into a shaft and drop 3 floors!
  7028 | D:11     | Noticed a hornet
  7035 | D:11     | Killed a hornet
  7044 | D:11     | Found Hoqugit's Jewellery Shop.
  7064 | D:11     | Reached skill level 5 in Evocations
  7196 | D:11     | Noticed a manticore
  7228 | D:11     | Noticed a two-headed ogre
  7283 | D:10     | Entered Level 10 of the Dungeon
  7314 | D:9      | Reached XP level 10. HP: 83/83 MP: 10/10
  7708 | D:8      | Reached *** piety under Wu Jian
  7914 | D:8      | Reached skill level 10 in Fighting
  8088 | D:8      | Found a bloodstained altar of Trog.
  8557 | D:9      | Noticed a cyclops
  8571 | D:9      | Killed a cyclops
  8572 | D:9      | Reached skill level 1 in Armour
  8572 | D:9      | Reached skill level 1 in Dodging
  8592 | D:9      | Noticed a boulder beetle
  8612 | D:9      | Killed a boulder beetle
  8795 | D:9      | Reached skill level 2 in Dodging
  8973 | D:9      | Identified the +1 pair of gloves "Gingemay" {rPois Int+2}
  8978 | D:9      | Found Tomeisae's Assorted Antiques.
  9061 | D:9      | Reached **** piety under Wu Jian
  9234 | D:10     | Found a white marble altar of Elyvilon.
  9262 | D:10     | Reached XP level 11. HP: 90/90 MP: 11/11
  9282 | D:10     | Reached skill level 3 in Dodging
  9403 | D:10     | Paralysed by a hornet for 3 turns
  9524 | D:10     | Found a staircase to the Lair.
  9774 | D:10     | Reached skill level 4 in Dodging
 10261 | D:10     | Found a glowing golden altar of the Shining One.
 10294 | Lair:1   | Entered Level 1 of the Lair of Beasts
 10302 | Lair:1   | Noticed a six-headed hydra
 10334 | Lair:1   | Reached skill level 5 in Armour
 10334 | Lair:1   | Reached skill level 5 in Dodging
 10381 | Lair:1   | Killed a six-headed hydra
 10382 | Lair:1   | Reached XP level 12. HP: 97/97 MP: 12/12
 10446 | Lair:1   | Found a frozen archway.
 10585 | Lair:1   | Reached ***** piety under Wu Jian
 10676 | Lair:1   | Reached skill level 10 in Long Blades
 10760 | Lair:1   | Reached skill level 6 in Dodging
 10839 | Lair:1   | Identified the +12 quarterstaff "Buen Cue" {freeze, Fly rC+
                  | Str+5 Int-4}
 11400 | Lair:2   | Reached skill level 10 in Maces & Flails
 11976 | Lair:2   | Found a hole to the Spider Nest.
 12259 | Lair:3   | Found a staircase to the Shoals.
 12266 | Lair:3   | Reached skill level 7 in Dodging
 12335 | Lair:3   | Reached XP level 13. HP: 86/103 MP: 13/13
 12946 | Lair:3   | Got Baedo's Codex of the Coals and Cadavers
 12972 | Lair:3   | Reached skill level 8 in Dodging
 14344 | Lair:4   | Reached skill level 9 in Dodging
 14996 | Lair:5   | Entered Level 5 of the Lair of Beasts
 15200 | Lair:5   | Identified a scroll of acquirement
 15207 | Lair:5   | Reached XP level 14. HP: 110/111 MP: 14/14
 15213 | Lair:4   | Acquired a +2 demon blade of venom
 15239 | Lair:4   | Acquired a reticulated capacitor {rF+ rC+ Regen+ RegenMP+}
 15257 | Lair:5   | Reached ****** piety under Wu Jian
 15651 | Lair:5   | Reached skill level 10 in Dodging
 15675 | Lair:5   | Got the Quarto of Weird Fulmination
 15906 | Lair:5   | Identified the +5 arbalest "Sodaeca" {flame, rN+ Int-5
                  | Dex+9 Stlth-}
 16130 | Lair:5   | Found a staircase to the Slime Pits.
 16721 | D:11     | Found Saubrima's Antique Armour Shoppe.
 16763 | D:11     | Found a staircase to the Orcish Mines.
 16947 | D:11     | Found Ytoeciv's Book Shoppe.
 16950 | D:11     | Noticed Josephine
 16958 | D:11     | Killed Josephine
 17086 | Orc:1    | Entered Level 1 of the Orcish Mines
 17086 | Orc:1    | Found a burning altar of Makhleb.
 17472 | Orc:2    | Entered Level 2 of the Orcish Mines
 17472 | Orc:2    | Noticed Saint Roka
 17508 | Orc:2    | Noticed an orc warlord
 17508 | Orc:2    | Found a staircase to the Elven Halls.
 17518 | Orc:2    | Found Equu's Antique Weapon Boutique.
 17518 | Orc:2    | Found Toidon Qomn's Antique Armour Shoppe.
 17518 | Orc:2    | Found Yhomp's Armour Boutique.
 17592 | Orc:2    | Reached XP level 15. HP: 120/120 MP: 15/15
 17640 | Orc:2    | Killed an orc warlord
 17742 | Orc:2    | Killed Saint Roka
 17756 | Orc:2    | Reached skill level 11 in Dodging
 18056 | Orc:2    | Paralysed by an orc sorcerer for 5 turns
 18211 | Orc:2    | Found Ixubrue's Jewellery Shoppe.
 18236 | Orc:2    | Bought a polished scale mail for 180 gold pieces
 18236 | Orc:2    | Identified the +0 scale mail of Macaroni {rPois Slay+5}
                  | (You bought it in a shop on level 2 of the Orcish Mines)
 18468 | D:12     | Found a gate leading to a gauntlet.
 18477 | Gauntlet | Entered a Gauntlet
 18477 | Gauntlet | Found a transporter.
 18486 | Gauntlet | Found a transporter.
 18489 | Gauntlet | Found a transporter.
 18490 | Gauntlet | Found a transporter.
 18498 | Gauntlet | Found a transporter.
 18501 | Gauntlet | Found a transporter.
 18502 | Gauntlet | Found a transporter.
 18506 | Gauntlet | Found a runed translucent door.
 18507 | Gauntlet | Found a runed translucent door.
 18510 | Gauntlet | Found a transporter.
 18513 | Gauntlet | Found a transporter.
 18514 | Gauntlet | Found a transporter.
 18522 | Gauntlet | Found a transporter.
 18525 | Gauntlet | Found a transporter.
 18526 | Gauntlet | Found a transporter.
 18537 | Gauntlet | Found a transporter.
 19040 | D:12     | Reached skill level 10 in Evocations
 19110 | D:12     | Found a stormy altar of Qazlal.
 19197 | D:12     | Noticed Psyche
 19202 | D:12     | Killed Psyche
 19586 | D:13     | Acquired the +1 pair of gloves "Daoroesh" {rF+ Int+5 Dex+2}
 19858 | D:13     | Identified the amulet "Xonnicit" {Acrobat Harm Int+5}
 19950 | D:13     | Reached skill level 12 in Dodging
 19998 | D:13     | Found a gate to the Vaults.
 20081 | D:14     | Noticed Louise
 20097 | D:14     | Killed Louise
 20114 | D:14     | Reached XP level 16. HP: 129/131 MP: 16/16
 20153 | D:14     | Found a runed translucent gate.
 20153 | D:14     | Found a runed translucent gate.
 20153 | D:14     | Found a runed translucent gate.
 20188 | D:14     | Noticed Kibis's ghost (journeyman DsGl)
 20196 | D:14     | Identified the +1 ring mail "Rapp" {Rampage MP+9}
 20392 | D:14     | Found a sparkling altar of Nemelex Xobeh.
 20740 | D:14     | Killed Kibis's ghost
 20870 | D:15     | Entered Level 15 of the Dungeon
 20871 | D:15     | Identified the +1 chain mail of Untold Secrets {SInv}
 20885 | D:15     | Found a staircase to the Depths.
 21045 | D:15     | Found a portal to a secret trove of treasure.
 21363 | Spider:1 | Entered Level 1 of the Spider Nest
 21608 | Spider:1 | Identified the +1 chain mail "Fyihapnull" {rN+ Str+3
                  | Slay+6}
 22131 | Spider:1 | Acquired a manual of Dodging
 22153 | Spider:2 | Noticed Donald
 22158 | Spider:2 | Reached skill level 13 in Dodging
 22170 | Spider:2 | Killed Donald
 23128 | Spider:2 | Reached skill level 15 in Fighting
 23200 | Spider:3 | Reached XP level 17. HP: 142/142 MP: 17/17
 23287 | Spider:3 | Reached skill level 14 in Dodging
 23611 | Spider:3 | Noticed Nikola
 23616 | Spider:3 | Killed Nikola
 23976 | Shoals:1 | Entered Level 1 of the Shoals
 24163 | Shoals:1 | Reached skill level 15 in Evocations
 24183 | Shoals:1 | Found Qaqonar's Jewellery Shop.
 24292 | Shoals:1 | Reached skill level 15 in Dodging
 24660 | Shoals:2 | Found Xoguo's Assorted Antiques.
 24687 | Shoals:2 | Bought a lightning rod (4/4) for 1360 gold pieces
 24691 | Shoals:2 | Identified the +1 robe of Peek-a-Boo {Int+3}
 24785 | Shoals:2 | Noticed Polyphemus
 24803 | Shoals:2 | Identified the +1 ring mail "Zuar" {rElec rC+ Dex+3}
 24939 | Shoals:2 | Noticed a kraken
 25253 | Shoals:2 | Killed a kraken
 25602 | Shoals:3 | Identified the granite talisman of the Engineer {Will+
                  | rCorr Str-3 Dex+3}
 25686 | Shoals:3 | Reached skill level 1 in Shapeshifting
 26141 | Shoals:4 | Entered Level 4 of the Shoals
 26205 | Shoals:4 | Found the macabre finger necklace {Finger+ rN+}
 26381 | Shoals:4 | Reached XP level 18. HP: 151/151 MP: 18/18
 26421 | Shoals:4 | Identified the serpent talisman of Sif Muna's Fury {Dex+3}
 26421 | Shoals:4 | Noticed Aizul
 26433 | Shoals:4 | Killed Aizul
 26445 | Shoals:4 | Reached skill level 16 in Dodging
 26934 | Shoals:4 | Got a barnacled rune of Zot
 27247 | Shoals:4 | Identified the ring "Eluircho" {rF- rC++ Dex+3 Slay+4}
 27459 | Spider:4 | Entered Level 4 of the Spider Nest
 28652 | Spider:4 | Reached skill level 17 in Dodging
 28672 | Spider:4 | Identified the +2 pair of boots of Pantheism {^Contam rCorr
                  | SInv}
 28704 | Spider:4 | Got a gossamer rune of Zot
 29028 | Elf:1    | Entered Level 1 of the Elven Halls
 29091 | Elf:1    | Reached XP level 19. HP: 126/159 MP: 19/19
 29298 | Elf:1    | Reached skill level 5 in Shapeshifting
 29387 | Elf:1    | Got the Textbook on Destruction and Generation
 30007 | Elf:2    | Noticed Asterion
 30121 | Elf:2    | Killed Asterion
 30145 | Elf:2    | Found a magical portal.
 30190 | WizLab   | Entered Lehudib's Moon Base
 30220 | WizLab   | Found a transporter.
 30715 | WizLab   | Identified the amulet of Ytuuwkue {Acrobat Stlth+}
 31096 | WizLab   | Found a transporter.
 31190 | WizLab   | Gained mutation: You possess an exceptional clarity of
                  | mind. [a neqoxec]
 31509 | WizLab   | Identified the +3 morningstar "Susy" {heavy, rN+ rCorr
                  | SInv}
 31510 | WizLab   | Identified the +1 pair of gloves of the Eight Suns {*Slow
                  | rElec rF+}
 31674 | Elf:2    | Reached XP level 20. HP: 92/154 MP: 20/20
 32129 | Elf:2    | Found a runed translucent gate.
 32129 | Elf:2    | Found a runed translucent gate.
 32129 | Elf:2    | Found a runed translucent gate.
 32610 | Elf:2    | Reached skill level 10 in Armour
 33304 | Elf:3    | Entered Level 3 of the Elven Halls
 33640 | Elf:3    | Reached skill level 18 in Dodging
 33734 | Elf:3    | Found Tanenaga's Dragon-Slaying Spoils.
 34512 | Elf:3    | Paralysed by an air elemental for 1 turns
 35604 | Elf:3    | Identified the +9 plate armour "Piogh" {Harm rN+ MP+9}
 35625 | Elf:3    | Identified the +9 chain mail of Olelaraq {rC- rN+++}
 35634 | Elf:3    | Identified the +8 morningstar of Anxiety {protect, rN++}
 35717 | Elf:3    | Identified the +9 quarterstaff of Melee {elec, *Corrode
                  | +Blink rElec rN+}
 35717 | Elf:3    | Identified the +1 robe "Enexeups" {rF+++}
 35920 | Elf:3    | Got the Dissertation on the Geodesic
 35942 | Elf:3    | Identified the +3 whip "Muef" {spect, rElec rF+ Int+3}
 36275 | Vaults:1 | Entered Level 1 of the Vaults
 36352 | Vaults:1 | Reached XP level 21. HP: 178/178 MP: 21/21
 37480 | Vaults:2 | You fall into a shaft and drop 1 floor!
 37613 | Vaults:2 | Found a staircase to the Crypt.
 37683 | Vaults:2 | Found a crumbling gateway.
 37689 | Desolati | Entered the Desolation of Salt
 37804 | Desolati | Reached skill level 19 in Dodging
 37900 | Desolati | Identified the ring of Vuampewizi {Will+ Str-2 Int+5}
 37940 | Desolati | Found the +11 Singing Sword {sonic wave}
 38143 | Desolati | Identified the +2 helmet of Refuge {rPois rCorr}
 38317 | Desolati | Identified the ring "Ofuging" {^Drain *Slow rPois rF+
                  | Str+6}
 38705 | Vaults:2 | Reached XP level 22. HP: 170/188 MP: 22/22
 38740 | Vaults:2 | Reached skill level 10 in Shapeshifting
 39155 | Vaults:2 | Reached skill level 15 in Long Blades
 40864 | Vaults:4 | Noticed Margery
 41049 | Vaults:4 | Killed Margery
 41204 | Vaults:4 | Reached XP level 23. HP: 196/196 MP: 23/23
 41406 | Vaults:4 | Identified the +3 leather armour of Ywaq {Dex+2}
 41525 | Vaults:4 | Noticed Bai Suzhen
 41542 | Vaults:4 | Killed Bai Suzhen
 41543 | Vaults:4 | Reached skill level 20 in Dodging
 41969 | Vaults:4 | Noticed Norris
 42001 | Vaults:4 | Killed Norris
 42302 | Depths:1 | Entered Level 1 of the Depths
 42490 | Depths:1 | Found a sacrificial altar of Ru.
 42568 | Depths:1 | Found a one-way gate leading to the halls of Pandemonium.
 42660 | Depths:1 | Found a one-way gate to the infinite horrors of the Abyss.
 42722 | Depths:1 | Found a shimmering altar of Xom.
 42817 | Depths:1 | Found a gateway to Hell.
 42938 | Depths:1 | Found Pemiogul's Book Boutique.
 42938 | Depths:1 | Found Umesh's Jewellery Emporium.
 42940 | Depths:1 | Found Emnid's Book Boutique.
 43293 | Depths:2 | Noticed Vv
 43302 | Depths:2 | Identified the +4 robe "Ucioh" {Fly Str+3 SInv Stlth+}
 43302 | Depths:2 | Noticed Boris
 43688 | Depths:2 | Noticed the Enchantress
 43693 | Depths:2 | Killed the Enchantress
 43694 | Depths:2 | Reached skill level 21 in Dodging
 43756 | Depths:2 | Found a transporter.
 43788 | Depths:2 | Killed Boris
 43848 | Depths:2 | Identified the amulet of Due Proportion {Reflect rPois
                  | Dex-3 SH+5 SInv}
 43854 | Depths:2 | Found a transporter.
 43879 | Depths:2 | You fall into a shaft and drop 1 floor!
 43879 | Depths:3 | Noticed Grunn
 43886 | Depths:3 | Identified the +4 robe of Xeschul {Str+3 Dex+3}
 43886 | Depths:3 | Noticed Boris
 43897 | Depths:3 | Killed Boris
 43904 | Depths:3 | Reached XP level 24. HP: 163/198 MP: 23/23
 44398 | Depths:2 | Found a transporter.
 44413 | Depths:2 | Found a transporter.
 45064 | Depths:2 | Killed Vv
 45384 | Depths:3 | Noticed a caustic shrike
 45391 | Depths:3 | Noticed a caustic shrike
 45394 | Depths:3 | Killed a caustic shrike
 45403 | Depths:2 | Killed a caustic shrike
 45468 | Depths:3 | Noticed a juggernaut
 45491 | Depths:3 | Killed a juggernaut
 45493 | Depths:3 | Killed Grunn
 45519 | Depths:3 | Reached skill level 22 in Dodging
 45656 | Depths:3 | Noticed a caustic shrike
 45666 | Depths:3 | Killed a caustic shrike
 45677 | Depths:3 | Noticed a caustic shrike
 45683 | Depths:3 | Killed a caustic shrike
 45686 | Depths:3 | Noticed a caustic shrike
 45696 | Depths:3 | Killed a caustic shrike
 45753 | Depths:3 | Reached skill level 15 in Shapeshifting
 45995 | Depths:3 | Identified the beast talisman "Adid" {rC+ Dex+3}
 46735 | Depths:4 | Entered Level 4 of the Depths
 46891 | Depths:4 | Identified the +3 robe of Ugois {Will- Int+6}
 46891 | Depths:4 | Noticed Boris
 46900 | Depths:4 | Killed Boris
 46901 | Depths:4 | Reached XP level 25. HP: 210/210 MP: 23/23
 46944 | Depths:4 | Identified the +0 sling "Jiaty" {heavy, +Blink rElec rC+
                  | Dex-3}
 46970 | Depths:4 | Found Gozag's Platinum Reserve.
 47053 | Depths:4 | Identified the scarf of Tender Moments {shadows, rC+ rCorr}
 47080 | Depths:4 | Found a gate to the Realm of Zot.
 47540 | Depths:4 | Found an opulent altar of Gozag.
 47581 | Depths:4 | Found a one-way gateway to a ziggurat.
 48113 | Slime:1  | Entered Level 1 of the Pits of Slime
 48373 | Slime:3  | Gained mutation: Your magical capacity is low. (-10% MP) [a
                  | shining eye]
 48561 | Slime:4  | Gained mutation: You are weak. (Str -2) [a shining eye]
 48785 | Slime:5  | Entered Level 5 of the Pits of Slime
 48822 | Slime:5  | Gained mutation: You are dopey. (Int -2) [a shining eye]
 48857 | Slime:5  | Noticed the Royal Jelly
 48866 | Slime:5  | Killed the Royal Jelly
 49069 | Slime:5  | Found the +27 heavy crossbow "Sniper" {heavy, Acc+∞ SInv}
 49099 | Slime:5  | Got a slimy rune of Zot
 49142 | Slime:5  | Identified the +0 leather armour of the Journeyman {+Blink
                  | Str+7}
 49164 | Slime:5  | Found the +7 sceptre of Torment {pain, torment}
 49176 | Slime:5  | Identified the +4 ring mail "Temankatt" {rC+ Will- rCorr
                  | Int+3}
 49267 | Slime:5  | Identified the staff of Poguxifoen {Will+ Str-3 Hexes Earth
                  | Alchemy}
 50325 | Zot:1    | Entered Level 1 of the Realm of Zot
 51247 | Zot:2    | Reached XP level 26. HP: 219/219 MP: 21/21
 51407 | Zot:2    | Noticed Cuhyol's ghost (veteran MfSh)
 51408 | Zot:2    | Found a runed translucent door.
 51501 | Zot:2    | Found Kiceis's CLEARANCE SALE!.
 51509 | Zot:2    | Bought a scroll of teleportation for 3 gold pieces
 51968 | Zot:2    | Killed Cuhyol's ghost
 51977 | Zot:2    | Identified the +6 long sword of Zajarej {vamp, rC+ Dex+4}
 53583 | Zot:5    | Entered Level 5 of the Realm of Zot
 53662 | Zot:5    | Noticed a Killer Klown
 53665 | Zot:5    | Noticed a Killer Klown
 53666 | Zot:5    | Noticed an orb of fire
 53667 | Zot:5    | Noticed an ancient lich
 53672 | Zot:5    | Noticed an orb of fire
 53672 | Zot:5    | Noticed an orb of fire
 53672 | Zot:5    | Noticed a Killer Klown
 53672 | Zot:5    | Noticed a Killer Klown
 53672 | Zot:5    | Noticed a dread lich
 53672 | Zot:5    | Gained mutation: You occasionally lose the ability to drink
                  | potions when taking damage. [an orb of fire]
 53672 | Zot:5    | Noticed an ancient lich
 53672 | Zot:5    | Noticed a Killer Klown
 53673 | Zot:5    | Noticed a dread lich
 53789 | Zot:5    | Reached skill level 23 in Dodging
 53852 | Zot:5    | Gained mutation: You do not regenerate when monsters are
                  | visible. [an orb of fire]
 53855 | Zot:5    | Killed an orb of fire
 53893 | Zot:5    | Noticed an ancient lich
 53895 | Zot:5    | Killed a Killer Klown
 53901 | Zot:5    | Killed an ancient lich
 54036 | Zot:5    | Reached XP level 27. HP: 230/230 MP: 21/21
 54183 | Zot:5    | Identified the +5 scale mail "Hero's Friend" {-Cast rElec
                  | rN++ Stlth+}
 54332 | Zot:5    | Killed a dread lich
 54530 | Zot:5    | Killed a dread lich
 54561 | Zot:5    | Killed an orb of fire
 54705 | Zot:5    | Killed an ancient lich
 54889 | Zot:5    | Killed an ancient lich
 54891 | Zot:5    | Gained mutation: You are vulnerable to heat. (rF-)
                  | [mutagenic glow]
 54899 | Zot:5    | Gained mutation: Armour fits poorly on your strangely
                  | shaped body. [mutagenic glow]
 54904 | Zot:5    | Gained mutation: Your body sometimes deteriorates upon
                  | taking damage. [mutagenic glow]
 54952 | Zot:5    | Killed an orb of fire
 55191 | Zot:5    | Lost mutation: You are dopey. (Int -2) [potion of mutation]
 55191 | Zot:5    | Lost mutation: Your body sometimes deteriorates upon taking
                  | damage. [potion of mutation]
 55191 | Zot:5    | Lost mutation: You occasionally lose the ability to drink
                  | potions when taking damage. [potion of mutation]
 55191 | Zot:5    | Gained mutation: Your mind is acute. (Int +4, Str/Dex -1)
                  | [potion of mutation]
 55191 | Zot:5    | Gained mutation: You occasionally lose the ability to read
                  | scrolls when taking damage. [potion of mutation]
 55191 | Zot:5    | Gained mutation: You passively map a small area around you.
                  | [potion of mutation]
 55192 | Zot:5    | Lost mutation: Your mind is acute. (Int +4, Str/Dex -1)
                  | [potion of mutation]
 55192 | Zot:5    | Lost mutation: You are vulnerable to heat. (rF-) [potion of
                  | mutation]
 55192 | Zot:5    | Lost mutation: Your magical capacity is low. (-10% MP)
                  | [potion of mutation]
 55192 | Zot:5    | Gained mutation: Your system is resistant to poisons.
                  | (rPois) [potion of mutation]
 55193 | Zot:5    | Lost mutation: You do not regenerate when monsters are
                  | visible. [potion of mutation]
 55193 | Zot:5    | Lost mutation: You are weak. (Str -2) [potion of mutation]
 55193 | Zot:5    | Lost mutation: Armour fits poorly on your strangely shaped
                  | body. [potion of mutation]
 55193 | Zot:5    | Gained mutation: You are somewhat resistant to further
                  | mutation. [potion of mutation]
 55193 | Zot:5    | Gained mutation: You are robust. (+10% HP) [potion of
                  | mutation]
 55194 | Zot:5    | Lost mutation: You passively map a small area around you.
                  | [potion of mutation]
 55194 | Zot:5    | Lost mutation: You are somewhat resistant to further
                  | mutation. [potion of mutation]
 55194 | Zot:5    | Lost mutation: You possess an exceptional clarity of mind.
                  | [potion of mutation]
 55194 | Zot:5    | Gained mutation: Your mind is acute. (Int +4, Str/Dex -1)
                  | [potion of mutation]
 55194 | Zot:5    | Lost mutation: Your system is resistant to poisons. (rPois)
                  | [potion of mutation]
 55194 | Zot:5    | Gained mutation: You possess an exceptional clarity of
                  | mind. [potion of mutation]
 55195 | Zot:5    | Lost mutation: You possess an exceptional clarity of mind.
                  | [potion of mutation]
 55195 | Zot:5    | Lost mutation: You occasionally lose the ability to read
                  | scrolls when taking damage. [potion of mutation]
 55195 | Zot:5    | Gained mutation: You are partially covered in large bone
                  | plates. (SH +4) [potion of mutation]
 55210 | Zot:5    | Got the Orb of Zot
 55385 | Zot:1    | Noticed Wouzij the pandemonium lord
 55392 | Zot:1    | Killed Wouzij the pandemonium lord
 55500 | Depths:1 | Noticed Nuilluff the pandemonium lord
 55508 | Depths:1 | Killed Nuilluff the pandemonium lord
 55702 | D:8      | Reached skill level 24 in Dodging
 55804 | D:3      | Killed Natasha
 55934 | D:$      | Escaped with the Orb!

Illustrated notes

Levels and vault maps discovered:
D:1:      dpeg_arrival_stonehenge_8_columns, layout_loops_ring
D:2:      layout_basic, uniq_robin
D:3:      layout_loops_ring, tgw_kikubaaqudgha, nicolae_overflow_crystal_walls,
          shapermc_ecumenical_altar_hornbeckon, uniq_natasha
D:4:      layout_loops_ring, minmay_misc_feat_alley, nicolae_stop_n_shop_1,
          kennysheep_small_square
D:5:      kennysheep_spiral_hall, layout_loops_ring, hangedman_decor_riveting,
          uniq_grinder
D:6:      layout_basic, okawaru_metal_pillars_1_2, serial_shops,
          nicolae_shop_trees
D:7:      layout_basic, mainiacjoe_overflow_six_doors_small, temple_statues,
          minmay_misc_feat_x, lightli_minifort
D:8:      layout_loops_ring, kennysheep_mini, grunt_ministairs_12,
          minmay_door_square
D:9:      minmay_the_grid_triangle_9x9_rhombus_full
          [minmay_the_grid_triangle_9x9_skeleton,
          minmay_the_grid_triangle_9x9_from_above,
          minmay_the_grid_triangle_9x9_stretched_checkered,
          minmay_the_grid_triangle_9x9_warning,
          minmay_the_grid_triangle_9x9_shrine,
          minmay_the_grid_triangle_9x9_flanged_cone,
          minmay_the_grid_triangle_9x9_sprig,
          minmay_the_grid_triangle_9x9_prize_special], layout_cave_pools,
          serial_shops, nicolae_shop_tiny_statue_garden
D:10:     layout_basic, mainiacjoe_overflow_swirl, dpeg_lair_monsters
D:11:     layout_roguey, orc_0_dummy, serial_shops, nicolae_stop_n_shop_1,
          nicolae_stop_n_shop_1, shop, hangedman_abyss_or_decor_stabs,
          uniq_josephine
D:12:     layout_rooms, gauntlet_entry_generic, grunt_ministairs_15,
          kennysheep_cross_room, nicolae_qazlal_scattered_showers, uniq_psyche
D:13:     layout_gridville, grunt_vaults_entry_tiered
D:14:     layout_rooms, gammafunk_ghost_icy, nemelex_diamond_rough_becter,
          kennysheep_generic_room_6, uniq_louise
D:15:     hangedman_depths_entry_try_elsewhere_first, layout_loops_cross,
          nrook_campfire, nicolae_trove_entry_crossroad, grunt_ministairs_5
Lair:1:   layout_cave_pods, portal_ice_cave_entry_pillars_2,
          serial_bayou_shore_a, grunt_megastairs_5
Lair:2:   layout_regular_city, nicolae_spider_entry_orb_guardian
Lair:3:   layout_regular_city, nicolae_shoals_entry_roost
Lair:4:   layout_layer_cave, infiniplex_staircase_pool_2
Lair:5:   wormcave, layout_regular_city, nicolae_slime_entry_slimehenge,
          serial_rivers, chequers_serial_rivers_micro_c,
          chequers_serial_rivers_small_b, chequers_serial_rivers_large_b,
          chequers_serial_rivers_marsh, chequers_serial_rivers_micro_e,
          chequers_serial_rivers_room_a, st_stairs_5,
          pdpol_lair_neglected_garden, serial_bayou_lagoon_a,
          columned_hall_lemuel
Shoals:1: nicolae_shoals_aurelia_aurita, layout_shoals, serial_shops,
          nicolae_shop_advertising_works [nicolae_subvault_shop_adworks],
          nicolae_shoals_dead_sea_scrolls
Shoals:2: layout_shoals, serial_shops, shop, uniq_polyphemus
Shoals:3: layout_shoals
Shoals:4: shoals_end_grunt_ice, layout_shoals, uniq_aizul
Spider:1: layout_cave_pods
Spider:2: layout_cave_pods, uniq_donald
Spider:3: layout_spider_delve, nicolae_spider_webs_and_nodes, uniq_nikola
Spider:4: grunt_spider_rune_circles
Slime:1:  layout_caves
Slime:2:  nicolae_slime_pool, layout_caves
Slime:3:  layout_caves
Slime:4:  layout_caves
Slime:5:  slime_pit_nicolae_block_by_block
Orc:1:    layout_diamond_mine, basic_altar, blackcustard_rock_pile
Orc:2:    st_orc_elflike, layout_caves, uniq_saint_roka
Elf:1:    nicolae_elf_arrival_aired_out, layout_onion_city, minmay_elf_sorcery
Elf:2:    nicolae_elf_blades_splatter_lattice [nooodl_blade_entry_preview],
          layout_loops_corners, infiniplex_enter_wizlab_glasses,
          roderic_roman_lattice, uniq_asterion
Elf:3:    minmay_elf_hall_statues, layout_geoelf_castle,
          nicolae_shop_dragon_depot, grunt_megastairs_2
Vaults:1: vaults_room_grid, nicolae_vaults_meiosis, dpeg_vaults_monster_box,
          vaults_dpeg_diagonal, layout_vaults_omnigrid
Vaults:2: portal_desolation_entry_nicolae_forbidding_blocks, v_misc_28,
          gargoyle_guard, nicolae_vaults_windows_and_doors_thing,
          nicolae_vaults_storage_closets_1, nicolae_vaults_tetromino_T_2,
          v_pattern_1, minmay_crypt_entry_simple_statues,
          nicolae_vaults_tetromino_L_1, nicolae_vaults_little_ls, v_rooms_3,
          hangedman_vaults_nodes, nicolae_vaults_trapezoid_1,
          layout_vaults_omnibox
Vaults:3: vaults_mumra_chevron, nicolae_vaults_offset_grid_hallway_1, v_misc_33,
          vaults_mumra_lcd, ontoclasm_vaults_spin, hangedman_vaults_hat,
          nicolae_vaults_alarming, v_alt_pattern_4, v_misc_30,
          nicolae_vaults_asterisk, layout_vaults_big_room
Vaults:4: v_misc_31, nicolae_vaults_trapezoid_lopsided_4,
          nicolae_vaults_network_s, nicolae_vaults_spaceships,
          nicolae_vaults_apartment_2, vaults_room_ringed_pool,
          nicolae_vaults_house_2, nicolae_vaults_heart-shaped_vault,
          nicolae_vaults_gold_heap, v_misc_5, nooodl_orcs_dogs,
          nicolae_vaults_diamond_1, layout_vaults_maze, uniq_margery,
          uniq_norris, uniq_bai_suzhen
Depths:1: layout_forbidden_donut, pan_entry, abyss_entry,
          nicolae_hell_entry_hellmouth_sunbeams,
          nicolae_ru_the_path_less_chosen, solitary_fountain, library_closet,
          tgw_xom, minmay_shop_grove
Depths:2: gammafunk_the_bubble [the_bubble_gammafunk_grid], layout_cave_pools,
          hellmouth_1, pan_entry, uniq_vv, uniq_boris, uniq_enchantress
Depths:3: grunt_bent_corner, layout_long_grid, abyss_entry,
          grunt_hell_entry_dis_grunt, kennysheep_pointless_box,
          infiniplex_staircase_squiggle, grunt_megastairs_1, uniq_grunn
Depths:4: evilmike_zot_entry_round, layout_honeycomb, enter_ziggurat_d,
          hell_entry, abyss_entry_small_statue_room,
          nicolae_gozag_zags_fifth_avenue, rand_demon_pan_entry_7,
          uniq_josephina
Zot:1:    layout_concentric_octagons
Zot:2:    lemuel_halls_of_wrath, layout_onion_interference,
          regret_index_zotdec_wing_it, gammafunk_ghost_grave,
          nicolae_shop_clearance
Zot:3:    layout_onion_interference, regret_index_zotdec_serpentine_scales
Zot:4:    layout_gridlike
Zot:5:    layout_concentric_octagons

Skill      XL: |  1  2  3  4  5  6  7  8  9 10 11 12 13 14 15 16 17 18 19 20 21 22 23 24 25 26 27 |
---------------+----------------------------------------------------------------------------------+-----
Stealth        | 1 2 |  2.0
Fighting       | 3 4 5 6 7 9 10 12 13 15 16 17 18 19 20 21 22 | 22.7
Long Blades    | 3 4 5 6 8 9 11 12 13 14 16 | 16.0
Maces & Flails | 4 5 6 8 9 10 11 12 | 12.0
Evocations     | 2 5 6 7 11 14 16 17 18 19 20 | 20.0
Armour         | 2 5 6 8 9 10 11 | 11.0
Dodging        | 2 5 7 9 10 12 13 15 17 18 19 21 22 23 24 | 24.0
Shapeshifting  | 2 4 6 8 9 11 13 16 19 20 | 20.8
Invocations    | |  1.0

Action                     |  1- 3 |  4- 6 |  7- 9 | 10-12 | 13-15 | 16-18 | 19-21 | 22-24 | 25-27 || total
---------------------------+-------+-------+-------+-------+-------+-------+-------+-------+-------++-------
  Melee: Mace              |    68 |    79 |    26 |       |       |       |       |       |       ||   173
         Demon whip        |    57 |    81 |   139 |   443 |   876 |   499 |       |       |       ||  2095
         Falchion          |     9 |       |       |       |       |       |       |       |       ||     9
         Flail             |       |       |   102 |   441 |   252 |       |       |       |       ||   795
         Demon blade       |       |       |       |       |   593 |  1132 |  1086 |   919 |   820 ||  4550
         Scimitar          |       |       |       |       |    32 |   625 |  1006 |       |       ||  1663
         Double sword      |       |       |       |       |       |       |    85 |   945 |   864 ||  1894
  Throw: Dart              |       |       |     8 |    30 |    20 |     7 |    12 |       |       ||    77
 Invoke: Heavenly Storm    |       |       |       |       |       |     1 |     1 |     2 |     3 ||     7
Ability: Lunge             |       |     8 |    20 |    39 |    83 |   104 |    78 |    89 |    69 ||   490
         Whirlwind         |       |       |     8 |    70 |    37 |   108 |   111 |    93 |    76 ||   503
         Invent Gizmo      |       |       |       |       |     1 |       |       |       |       ||     1
         Evoke Invisibilit |       |       |       |       |     1 |       |       |       |     1 ||     2
  Evoke: Wand              |     1 |     2 |     6 |     4 |    10 |    14 |     2 |    16 |     8 ||    63
         Phial of floods   |       |       |       |       |     1 |     2 |       |     1 |       ||     4
         Tin of tremorston |       |       |       |       |       |     4 |     1 |     6 |       ||    11
         Phantom mirror    |       |       |       |       |       |     2 |     2 |     2 |       ||     6
         Lightning rod     |       |       |       |       |       |     4 |       |     1 |       ||     5
         Sack of spiders   |       |       |       |       |       |       |       |     1 |       ||     1
    Use: Scroll            |     4 |     4 |     7 |     8 |    18 |     9 |     3 |    11 |    13 ||    77
         Potion            |     1 |       |     1 |     1 |     2 |     5 |     6 |    11 |     9 ||    36
   Stab: Sleeping          |     3 |     8 |    11 |    14 |    17 |    14 |     6 |     6 |     5 ||    84
         Distracted        |       |       |     1 |     3 |     6 |     1 |     3 |     4 |     2 ||    20
         Paralysed         |       |       |       |       |    21 |       |       |    27 |     4 ||    52
         Invisible         |       |       |       |       |     2 |       |       |       |    15 ||    17
         Confused          |       |       |       |       |       |       |       |     1 |       ||     1
 Armour: Leather armour    |    39 |    45 |    87 |   251 |   283 |   253 |       |       |       ||   958
         Skin              |    10 |       |       |       |       |       |       |    80 |   425 ||   515
         Ring mail         |       |       |       |       |       |   278 |   423 |   382 |       ||  1083
  Dodge: Dodged            |    34 |    28 |    57 |   218 |   471 |  1017 |   764 |   925 |  1228 ||  4742
  Block: Other             |       |       |       |       |       |       |       |       |    12 ||    12
   Form: Statue            |       |       |       |       |       |       |       |     1 |       ||     1

Table legend: (Time is in decaauts)
 A = Elapsed time spent in this place.
 B = Non-inter-level travel time spent in this place.
 C = Inter-level travel time spent in this place.
 D = Time resting spent in this place.
 E = Time spent auto-exploring this place.
 F = Levels seen in this place.
 G = Mean time per level.
                   A        B        C        D        E       F      G
               +--------+--------+--------+--------+--------+-----+--------+
         Total |  59524 |  54286 |   5238 |   3703 |  34207 |  54 | 1102.3 |
       Dungeon |  14180 |  12435 |   1745 |    479 |   8483 |  15 |  945.3 |
          Lair |   6830 |   5952 |    878 |    112 |   4308 |   5 | 1366.0 |
        Shoals |   3235 |   3064 |    171 |    401 |   1538 |   4 |  808.8 |
   Spider Nest |   3820 |   3390 |    430 |    112 |   2116 |   4 |  955.0 |
    Slime Pits |   2662 |   2527 |    135 |    265 |   1642 |   5 |  532.4 |
  Orcish Mines |   1379 |   1124 |    255 |     10 |    678 |   2 |  689.5 |
   Elven Halls |   5606 |   5328 |    278 |   1054 |   2639 |   3 | 1868.7 |
        Vaults |   4841 |   4583 |    258 |    200 |   2977 |   4 | 1210.2 |
        Depths |   6955 |   6193 |    762 |    315 |   4300 |   4 | 1738.8 |
           Zot |   7341 |   7017 |    324 |    565 |   4506 |   5 | 1468.2 |
        Wizlab |   1297 |   1297 |      0 |     66 |    637 |   1 | 1297.0 |
    Desolation |    934 |    934 |      0 |    106 |    233 |   1 |  934.0 |
      Gauntlet |    439 |    439 |      0 |     14 |    147 |   1 |  439.0 |
               +--------+--------+--------+--------+--------+-----+--------+

Top non-repeatable levels by time:
   Elf:3: 2725 daAuts
   Zot:5: 2302 daAuts
Depths:2: 2016 daAuts
  Lair:4: 1952 daAuts
   Elf:2: 1842 daAuts
Depths:3: 1776 daAuts
Depths:4: 1736 daAuts
 Slime:5: 1637 daAuts
Vaults:2: 1519 daAuts
  Lair:5: 1446 daAuts
Depths:1: 1426 daAuts
    D:10: 1400 daAuts
     D:5: 1394 daAuts
   Zot:1: 1330 daAuts
   Zot:2: 1325 daAuts
